AoeStats
← CazadorGT

Arabia

509695743Analyzed
2v2 RM · 5d ago on Sep 27, 2026· 39m 23s· 4 players
Game mode
Random Map
Map size
Medium (4 player)
Population
200
Speed
Normal
Resources
Standard
Victory
Conquest
Starting age
Dark Age
Ending age
Imperial Age
RankedLock teamsTeams togetherTeam positionsShared explorationLock speedFull tech treeHidden civsTurbo modeCheats
Victory
Defeat
🇬🇧 Vietnamese · United Kingdom
1184
+16
🇪🇸 Teutons · Spain
1181
+16
🇦🇷 Maya · Argentina
1213
-17
🇬🇹 Huns · Guatemala
1155
-15
CazadorGT
7:01 Loom
9:19 Feudal Age
11:39 Forging
14:00 Scale Barding Armor
14:29 Horse Collar
15:41 Fletching
25:49 Castle Age
25:32 Bloodlines
King Yellow
0:27 Loom
9:14 Feudal Age
9:20 Man-at-Arms
15:54 Fletching
22:10 Castle Age
20:27 Padded Archer Armor
22:10 Double-Bit Axe
22:52 Elite Skirmisher
23:40 Horse Collar
25:02 Crossbowman
26:00 Gold Mining
27:32 Bodkin Arrow
29:12 Leather Archer Armor
31:06 Ballistics
35:42 Thumb Ring
38:11 Heavy Plow
39:33 Forging
taco_valiente
6:22 Loom
9:14 Feudal Age
12:40 Town Watch
13:39 Double-Bit Axe
16:18 Fletching
17:37 Padded Archer Armor
22:22 Castle Age
20:51 Gold Mining
24:02 Crossbowman
25:18 Bodkin Arrow
27:23 Scale Barding Armor
30:50 Wheelbarrow
30:22 Elite Skirmisher
34:38 Leather Archer Armor
36:02 Leather Archer Armor
39:12 Imperial Age
36:41 Light Cavalry
37:38 Bloodlines
39:27 Husbandry
ignemiro
3:16 Loom
10:33 Feudal Age
11:13 Double-Bit Axe
15:18 Town Watch
22:43 Castle Age
21:07 Horse Collar
23:20 Bloodlines
23:16 Scale Barding Armor
23:22 Forging
28:08 Chain Barding Armor
30:11 Iron Casting
35:49 Bow Saw
35:42 Heavy Plow
39:04 Wheelbarrow
Connection lost

Rejoining the realm…

Still unreachable

The connection could not be restored.

Session expired

The server has moved on; the page needs a fresh start.